 Dungeon Crawl Stone Soup version 0.31-a0-1237-gabc64e778c (webtiles) character file.

Game seed: 14020895517013520645

602 hikkokomori the Digger (level 7, -5/43 HPs)
             Began as a Gargoyle Earth Elementalist on Dec 15, 2023.
             Slain by Grinder the chaos spawn (11 damage)
             ... on level 4 of the Dungeon.
             The game lasted 00:04:08 (3124 turns).

hikkokomori the Digger (GrEE)                       Turns: 3124, Time: 00:04:09

Health: -5/43      AC: 10    Str: 12    XL:     7   Next: 41%
Magic:  6/12       EV: 11    Int: 17    God:
Gold:   37         SH:  0    Dex: 10    Spells: 9/13 levels left

rFire   . . .        i - +2 whip (drain)
rCold   . . .        (no shield)
rNeg    + . .        a - +0 robe
rPois   ∞            (no helmet)
rElec   +            (no cloak)
rCorr   .            (no gloves)
SInv    .            (no boots)
Will    .....        (no amulet)
Stlth   +++          h - +4 ring of protection
HPRegen 0.27/turn    (no ring)
MPRegen 0.13/turn

%: no passive effects
@: no status effects
A: sickness immunity, AC +4, negative energy resistance 1, electricity
resistance, torment resistance 1, petrification resistance
a: no special abilities


You were on level 4 of the Dungeon.
You visited 1 branch of the dungeon, and saw 4 of its levels.

You collected 142 gold pieces.
You spent 105 gold pieces at shops.

Inventory:

Hand Weapons
 i - a +2 whip of draining (weapon)
Armour
 a - a +0 robe (worn)
Magical Staves
 p - a staff of fire
Jewellery
 h - a +4 ring of protection (left hand)
 o - a ring of resist corrosion
Wands
 q - a wand of polymorph (9)
Scrolls
 c - a scroll of amnesia {unknown}
 e - a scroll of noise {unknown}
 f - 3 scrolls of revelation
 j - 2 scrolls of teleportation {unknown}
 k - a scroll of fog {unknown}
 m - 2 scrolls of enchant armour
 n - a scroll of butterflies {unknown}
Potions
 b - a potion of magic
 d - a potion of berserk rage
 g - a potion of haste
 l - a potion of might
 r - a potion of attraction {unknown}
 s - a potion of heal wounds {unknown}


   Skills:
 + Level 4.0 Fighting
 + Level 0.0 Maces & Flails
 - Level 1.5 Dodging
 + Level 5.1 Stealth
 + Level 3.9 Spellcasting
 - Level 0.7 Transmutations
 + Level 5.8 Earth Magic


You had 9 spell levels left.
You knew the following spells:

 Your Spells              Type           Power      Damage    Failure   Level
a - Sandblast             Erth           46%        2d11      1%          1
b - Stone Arrow           Conj/Erth      26%        3d8       14%         3

Your spell library contained the following spells:

 Spells                   Type           Power      Damage    Failure   Level
 Passwall                 Tmut/Erth      11%        N/A       6%          2
 Ensorcelled Hibernation  Hex/Ice        6%         N/A       24%         2
 Jinxbite                 Hex            6%         N/A       24%         2
 Petrify                  Tmut/Erth      14%        N/A       38%         4
 Brom's Barrelling Bould  Conj/Erth      13%        2d4       43%         4
 Anguish                  Hex/Necr       1%         N/A       85%         4


Dungeon Overview and Level Annotations

Branches:
Dungeon (4/15)
 Temple: D:4-7

Altars:
Ashenzari

Shops:
D:3 *

Annotations:
D:4 Grinder


Innate Abilities, Weirdness & Mutations

You are immune to sickness and miasma.
Your stone body is resilient. (AC +4)
You are immune to poison.
You resist negative energy. (rN+)
You are resistant to electric shocks. (rElec)
You are resistant to unholy torment.
You are immune to petrification.


Message History

Aim: Grinder the chaos spawn (79% to hit)
The blast of sand hits Grinder.
Grinder is moderately wounded.
Grinder gibbers incoherently in a cacophony of voices.
Grinder misses you.
Unknown command.
Casting: Sandblast (safe; 1% risk of failure)
Confirm with . or Enter, or press ? or * to list all spells.
Aiming: Sandblast (safe; 1% risk of failure)
Press: ? - help, Shift-Dir - straight line, f/p - Grinder
Aim: Grinder the chaos spawn (moderately wounded, 79% to hit)
The blast of sand hits Grinder.
Grinder is moderately wounded.
Grinder bites you. Grinder freezes you!
Grinder grows dozens of eye stalks in order to get a better look at you.
Grinder barely misses you.
Unknown command.
Casting: Sandblast (safe; 1% risk of failure)
Confirm with . or Enter, or press ? or * to list all spells.
Aiming: Sandblast (safe; 1% risk of failure)
Press: ? - help, Shift-Dir - straight line, f/p - Grinder
Aim: Grinder the chaos spawn (moderately wounded, 79% to hit)
The blast of sand hits Grinder but does no damage.
Grinder is moderately wounded.
Grinder tentacle-slaps you but does no damage.
Unknown command.
Unknown command.
Casting: Sandblast (safe; 1% risk of failure)
Confirm with . or Enter, or press ? or * to list all spells.
Aiming: Sandblast (safe; 1% risk of failure)
Press: ? - help, Shift-Dir - straight line, f/p - Grinder
Aim: Grinder the chaos spawn (moderately wounded, 79% to hit)
The blast of sand hits Grinder.
Grinder is heavily wounded.
Grinder stings you. Grinder freezes you!
* * * LOW HITPOINT WARNING * * *
Grinder tentacle-slaps you.
* * * LOW HITPOINT WARNING * * *
You are engulfed in flames!
You die...

...#..... .......# ...#
#.<.. .....# ...####...
#)..# .....##....
#...######
.##.....$.#####).......
###.........##.....##..
##.................##
............###.....#...
#......##...###.@.......
#....<###....#..4##.....
#.....###....##...#....#
......##......#........#
.##.............†... ..#
######........##..#..###
#...###..#..#...# #...#
#.....#. .. ##### ####.#


You could see Grinder the chaos spawn.

Vanquished Creatures
  Sigmund (D:2)
  An ogre (D:4)
  Blork the orc (D:4)
  A howler monkey (D:4)
  An orc wizard (D:3)
  Natasha (thrice) (D:3)
  5 adders
  5 gnolls
  A worm (D:2)
  A dart slug (D:1)
  2 orcs (D:3)
  3 endoplasms
  A giant cockroach (D:3)
  9 goblins
  10 hobgoblins
  2 jackals (D:1)
  2 kobolds
  4 quokkas
  10 ball pythons
  4 frilled lizards
  5 rats
72 creatures vanquished.

Notes
Turn   | Place    | Note
-------+----------+-------------------------------------------
     0 | D:1      | hikkokomori the Gargoyle Earth Elementalist began the quest
                  | for the Orb.
     0 | D:1      | Reached XP level 1. HP: 10/10 MP: 3/3
   234 | D:1      | Reached XP level 2. HP: 16/16 MP: 1/5
   280 | D:1      | Reached skill level 1 in Fighting
   549 | D:1      | Reached XP level 3. HP: 20/20 MP: 4/6
  1208 | D:2      | Reached XP level 4. HP: 26/26 MP: 3/7
  1435 | D:2      | Noticed Sigmund
  1447 | D:2      | Killed Sigmund
  1448 | D:2      | Reached skill level 5 in Earth Magic
  1448 | D:2      | Reached XP level 5. HP: 20/32 MP: 3/9
  1448 | D:2      | Reached XP level 6. HP: 22/36 MP: 3/10
  2073 | D:3      | Found a faded altar of an unknown god.
  2075 | D:3      | Noticed Natasha
  2080 | D:3      | Killed Natasha
  2373 | D:3      | Found Liuplomuar's Assorted Antiques.
  2392 | D:3      | Bought a bone ring for 105 gold pieces
  2421 | D:3      | Found a broken altar of Ashenzari.
  2558 | D:3      | Noticed Natasha
  2561 | D:3      | Killed Natasha
  2806 | D:3      | Noticed Natasha
  2809 | D:3      | Killed Natasha
  3027 | D:4      | Noticed Blork the orc
  3030 | D:4      | Reached XP level 7. HP: 42/42 MP: 8/12
  3036 | D:4      | Killed Blork the orc
  3045 | D:4      | Reached skill level 5 in Stealth
  3057 | D:4      | Learned a level 3 spell: Stone Arrow
  3116 | D:4      | Noticed Grinder
  3119 | D:4      | Grinder changed into Grinder the chaos spawn
  3119 | D:4      | Noticed Grinder
  3124 | D:4      | Slain by Grinder the chaos spawn

Illustrated notes

Levels and vault maps discovered:
D:1:      minmay_arrival_solitary_statue, layout_basic
D:2:      layout_loops_corners, uniq_sigmund
D:3:      layout_loops_ring, nicolae_ashenzari_panopticon,
          ebering_ecumenical_altar_webs, serial_shops, nicolae_shop_crystal,
          uniq_natasha
D:4:      layout_cave_pools, lightli_temple_of_fire, okawaru_gym_becter,
          led_sif_pool, temple_hall, uniq_eustachio, uniq_blork_the_orc,
          uniq_grinder

Skill      XL: |  1  2  3  4  5  6  7 |
---------------+----------------------+-----
Fighting       | 1 2 3 4 |  4.0
Earth Magic    | 4 5 |  5.8
Stealth        | 3 4 5 |  5.1
Spellcasting   | 3 |  3.9
Dodging        | |  1.5
Transmutations | |  0.7

Action                     |  1- 3 |  4- 6 |  7- 9 || total
---------------------------+-------+-------+-------++-------
  Melee: Unarmed           |     1 |     2 |       ||     3
         Whip              |       |    13 |     2 ||    15
   Cast: Sandblast         |    39 |    56 |    15 ||   110
  Evoke: Wand              |       |       |     3 ||     3
    Use: Scroll            |       |     5 |       ||     5
 Armour: Robe              |     4 |    24 |    10 ||    38
  Dodge: Dodged            |     7 |    23 |    10 ||    40

Table legend: (Time is in decaauts)
 A = Elapsed time spent in this place.
 B = Non-inter-level travel time spent in this place.
 C = Inter-level travel time spent in this place.
 D = Time resting spent in this place.
 E = Time spent auto-exploring this place.
 F = Levels seen in this place.
 G = Mean time per level.
                   A        B        C        D        E       F      G
               +--------+--------+--------+--------+--------+-----+--------+
         Total |   3178 |   3104 |     74 |      0 |   2701 |   4 |  794.5 |
       Dungeon |   3178 |   3104 |     74 |      0 |   2701 |   4 |  794.5 |
               +--------+--------+--------+--------+--------+-----+--------+

Top non-repeatable levels by time:
     D:2: 1216 daAuts
     D:3: 947 daAuts
     D:1: 851 daAuts
     D:4: 163 daAuts
